 Dungeon Crawl Stone Soup version 0.31-a0-149-g3fdcc5976a (webtiles) character file.

Game seed: 479752459782402378

119 qw the Shooter (level 4, -2/40 HPs)
             Began as a Minotaur Hunter on June 7, 2023.
             Slain by a gnoll
             ... wielding a +0 spear
              (4 damage)
             ... on level 3 of the Dungeon.
             The game lasted 00:00:34 (1514 turns).

qw the Shooter (Minotaur Hunter)                    Turns: 1514, Time: 00:00:35

Health: -2/40      AC:  3    Str: 16    XL:     4   Next: 74%
Magic:  3/3        EV: 12    Int:  6    God:
Gold:   24         SH:  0    Dex: 15    Spells: 3/3 levels left

rFire   . . .        Y - +1 shortbow (drain)
rCold   . . .        (shield currently unavailable)
rNeg    . . .        g - +0 robe {Will+}
rPois   .            (helmet restricted)
rElec   .            a - +0 cloak
rCorr   .            (no gloves)
SInv    .            (no boots)
Will    ++...        (no amulet)
Stlth   ++           f - ring of willpower
HPRegen 0.26/turn    (no ring)
MPRegen 0.08/turn

%: no passive effects
@: no status effects
A: horns 2, retaliatory headbutt
a: no special abilities


You were on level 3 of the Dungeon.
You visited 1 branch of the dungeon, and saw 3 of its levels.

You collected 114 gold pieces.
You spent 90 gold pieces at shops.


Innate Abilities, Weirdness & Mutations

You have a pair of horns on your head.
You reflexively headbutt those who attack you in melee.


   Skills:
 - Level 4.0 Fighting
 + Level 6.1 Ranged Weapons
 - Level 2.1 Dodging
 - Level 0.7 Stealth


You had 3 spell levels left.
You didn't know any spells.
Your spell library was empty.

Inventory:

Hand Weapons
 Y - a +1 shortbow of draining (weapon)
Armour
 a - a +0 cloak (worn)
 b - a +0 ring mail
 g - a +0 robe of willpower (worn)
Jewellery
 f - a ring of willpower (left hand)
Scrolls
 d - 2 scrolls of teleportation {unknown}
 i - a scroll of blinking {unknown}
Potions
 c - a potion of heal wounds {unknown}
 e - a potion of curing {unknown}
 h - a potion of resistance {unknown}

Dungeon Overview and Level Annotations

Branches:
Dungeon (3/15)

Altars:

Shops:
D:3 *


Message History

The gnoll completely misses you. The kobold hits you but does no damage.
The gnoll misses you.
You shoot an arrow. The arrow barely misses the kobold.
The gnoll misses you. The kobold closely misses you.
The gnoll barely misses you.
You shoot an arrow. The arrow hits the kobold!
You kill the kobold!
The gnoll hits you from afar with a +0 spear.
The gnoll closely misses you.
Your Fighting skill increases to level 4!
You shoot an arrow. The arrow hits the gnoll!
The gnoll is severely wounded.
The gnoll hits you from afar with a +0 spear.
The gnoll barely misses you.
The gnoll hits you from afar with a +0 spear. x2
You shoot an arrow. The arrow barely misses the gnoll.
The gnoll hits you from afar with a +0 spear.
The gnoll misses you.
You shoot an arrow. The arrow hits the gnoll!
You kill the gnoll!
The gnoll hits you from afar with a +0 spear!
You shoot an arrow. The arrow hits the gnoll.
The gnoll is moderately wounded.
The gnoll barely misses you.
You shoot an arrow. The arrow hits the gnoll.
The gnoll is heavily wounded.
The gnoll hits you from afar with a +0 spear.
You shoot an arrow. The arrow hits the gnoll.
You drain the gnoll.
The gnoll is severely wounded.
The gnoll hits you from afar with a +0 spear.
You shoot an arrow. The arrow closely misses the gnoll.
The gnoll barely misses you.
You shoot an arrow.
The arrow hits the gnoll but does no damage.
You drain the gnoll.
The gnoll is almost dead.
The gnoll hits you from afar with a +0 spear.
You shoot an arrow. The arrow barely misses the gnoll.
The gnoll hits you from afar with a +0 spear.
You die...

####..### #+#.##
##...######.....
###.#....#...#
#:....#.#..#
###..#...#.#
###..\..## #
#.#...#.## ...
#..#.#.).#.....
#...#..@.).....
#####..!)g....>
#...####...
#...# ## #####


You could see a gnoll (very drained).

Vanquished Creatures
  An iguana (D:2)
  3 gnolls (D:3)
  2 adders (D:2)
  A worm (D:2)
  8 ball pythons
  4 bats
  3 endoplasms
  3 giant cockroaches
  6 hobgoblins
  2 kobolds
  4 quokkas
  2 frilled lizards (D:1)
  4 rats
43 creatures vanquished.

Notes
Turn   | Place    | Note
-------+----------+-------------------------------------------
     0 | D:1      | qw the Minotaur Hunter began the quest for the Orb.
     0 | D:1      | Reached XP level 1. HP: 18/18 MP: 0/0
     0 | D:1      | 0 ||| qw: Version: 0.2-a-117-gc6b5c8b
     0 | D:1      | 0 ||| qw: Game counter: 2674
     0 | D:1      | 0 ||| qw: Always use a shield: true
     0 | D:1      | 0 ||| qw: God list: Okawaru
     0 | D:1      | 0 ||| qw: Allow faded altars: false
     0 | D:1      | 0 ||| qw: Do Orc after D:15 true
     0 | D:1      | 0 ||| qw: Do second Lair branch before Depths: true
     0 | D:1      | 0 ||| qw: Lair rune preference: random
     0 | D:1      | 0 ||| qw: Plans: Normal
     0 | D:1      | 0 ||| PLANNING D:1-11
   169 | D:1      | Reached XP level 2. HP: 25/25 MP: 1/1
   199 | D:1      | You fall into a shaft and drop 1 floor!
   205 | D:2      | 205 ||| READING scroll labelled MUBLEOB LYMA.
   206 | D:2      | 206 ||| READING scroll labelled QIGHA MOLA.
   207 | D:2      | 207 ||| READING scroll labelled ZUJOLEISIR.
   208 | D:2      | 208 ||| DROPPING scroll of butterflies.
   210 | D:2      | 210 ||| Stepping ~*~*~tactically~*~*~ (cloud).
   215 | D:2      | HP: 5/25 [poisoned by you (poison gas)]
   218 | D:2      | Reached skill level 5 in Ranged Weapons
   246 | D:2      | 246 ||| FLEEEEING.
   249 | D:2      | 249 ||| FLEEEEING.
   250 | D:2      | 250 ||| STAIRDANCE
   743 | D:1      | 743 ||| READING 2 scrolls labelled WYW LYNGAUMAZ.
   744 | D:1      | 744 ||| READING scroll labelled ACVERURYNAA.
   745 | D:1      | 745 ||| DRINKING 2 bubbling black potions.
   753 | D:1      | 753 ||| DROPPING scroll of immolation.
   754 | D:1      | 754 ||| DROPPING potion of ambrosia.
   778 | D:2      | Reached skill level 3 in Fighting
   782 | D:2      | Reached XP level 3. HP: 31/31 MP: 2/2
   919 | D:2      | Reached XP level 4. HP: 38/38 MP: 3/3
  1223 | D:2      | 1223 ||| UPGRADING to +0 cloak.
  1228 | D:2      | 1228 ||| UPGRADING to +0 ring mail.
  1238 | D:2      | 1238 ||| DROPPING +0 leather armour.
  1239 | D:2      | 1239 ||| UPGRADING to +0 robe of willpower.
  1249 | D:2      | 1249 ||| UPGRADING to ring of willpower.
  1250 | D:2      | 1250 ||| READING scroll labelled KIMNYLU JUNIWOIPN.
  1287 | D:3      | 1287 ||| STAIRDANCE
  1339 | D:3      | Reached skill level 6 in Ranged Weapons
  1486 | D:3      | Found Qeimiargh's Assorted Antiques.
  1493 | D:3      | 1493 ||| BUYING scroll labelled DEGIW FUWNUCEO (30 gold).
  1493 | D:3      | Bought a scroll labelled DEGIW FUWNUCEO for 30 gold pieces
  1493 | D:3      | 1493 ||| BUYING scroll labelled DEGIW FUWNUCEO (30 gold).
  1493 | D:3      | Bought a scroll labelled DEGIW FUWNUCEO for 30 gold pieces
  1493 | D:3      | 1493 ||| BUYING scroll labelled LAURUYLOIM (30 gold).
  1493 | D:3      | Bought a scroll labelled LAURUYLOIM for 30 gold pieces
  1493 | D:3      | 1493 ||| SHOPLISTING scroll of enchant weapon (225 gold,
                  | have 24).
  1493 | D:3      | 1493 ||| SHOPLISTING shiny ring mail (210 gold, have 24).
  1493 | D:3      | 1493 ||| SHOPLISTING viscous amethyst potion (27 gold, have
                  | 24).
  1508 | D:3      | HP: 9/40 [gnoll/+0 spear (8)]
  1513 | D:3      | HP: 2/40 [gnoll/+0 spear (4)]
  1514 | D:3      | Slain by a gnoll

Levels and vault maps discovered:
D:1:      dpeg_arrival_chambers_temple_mockup, layout_loops_ring,
          amcnicky_mini_pool_small, minmay_distorted
D:2:      layout_rooms
D:3:      layout_basic, serial_shops, nicolae_diamond_shop, minivault_4

Skill      XL: |  1  2  3  4 |
---------------+-------------+-----
Ranged Weapons | 5 6 |  6.1
Fighting       | 3 4 |  4.0
Dodging        | |  2.1
Stealth        | |  0.7

Action                     |  1- 3 |  4- 6 || total
---------------------------+-------+-------++-------
   Fire: Shortbow          |    61 |    44 ||   105
    Use: Scroll            |     5 |     1 ||     6
         Potion            |     1 |       ||     1
 Armour: Leather armour    |     9 |       ||     9
         Robe              |       |     2 ||     2
  Dodge: Dodged            |    11 |    21 ||    32

Table legend:
 A = Non-vault XP
 B = Vault XP
 C = Vault XP percentage of total XP
 D = Non-vault monster count
 E = Vault monster count
 F = Vault count percentage of total count
                 A         B        C        D         E       F
            +---------+---------+-------+---------+---------+-------
      Total |     168 |       3 |   1.8 |      41 |       2 |   4.7
            +---------+---------+-------+---------+---------+-------
        D:1 |      20 |       3 |  13.0 |      12 |       2 |  14.3
        D:2 |      96 |       0 |   0.0 |      20 |       0 |   0.0
        D:3 |      52 |       0 |   0.0 |       9 |       0 |   0.0
            +---------+---------+-------+---------+---------+-------
